AoeStats
← iaa4e

Fortress

508278018Analyzed
4v4 RM · 11d ago on Sep 21, 2026· 49m 53s· 8 players
Game mode
Random Map
Map size
Huge
Population
200
Speed
Normal
Resources
Standard
Victory
Conquest
Starting age
Dark Age
Ending age
Imperial Age
RankedLock teamsTeams togetherTeam positionsShared explorationLock speedFull tech treeHidden civsTurbo modeCheats
Victory
Defeat
🇪🇬 Malay · Egypt
1255
+13
🇺🇸 Celts · United States
1208
+15
🇧🇩 Huns · Bangladesh
1202
+16
1157
+17
🇩🇪 Dravidians · Germany
1213
-16
🇬🇧 Dravidians · United Kingdom
1212
-16
🇹🇼 Berbers · Taiwan
1173
-15
🇷🇴 Franks · Romania
1170
-14
𝖋𝖔𝖈𝖆
9:27 Feudal Age
10:18 Double-Bit Axe
11:34 Stone Mining
11:36 Gold Mining
14:21 Castle Age
17:31 Wheelbarrow
18:14 Bow Saw
18:42 Gold Shaft Mining
20:42 Scale Mail Armor
25:53 Hand Cart
30:45 Imperial Age
28:26 Forging
28:22 Scale Barding Armor
29:48 Chain Mail Armor
30:08 Iron Casting
29:35 Husbandry
30:25 Chain Barding Armor
30:13 Fletching
31:49 Conscription
34:06 Cavalier
39:04 Plate Mail Armor
39:40 Blast Furnace
39:16 Plate Barding Armor
Ham Shank
7:58 Feudal Age
11:59 Castle Age
9:55 Double-Bit Axe
10:05 Horse Collar
13:14 Bow Saw
13:08 Heavy Plow
15:51 Loom
16:53 Gold Mining
17:11 Gambesons
17:27 Squires
18:51 Wheelbarrow
20:10 Scale Mail Armor
20:20 Forging
19:43 Pikeman
22:00 Chain Mail Armor
23:08 Iron Casting
27:01 Imperial Age
24:47 Hand Cart
25:20 Arson
28:02 Wootz Steel
28:03 Conscription
27:06 Halberdier
28:29 Plate Mail Armor
29:00 Blast Furnace
27:48 Town Watch
30:32 Two-Man Saw
31:04 Chemistry
30:12 Elite Urumi Swordsman
43:39 Fletching
iaa4e
6:45 Feudal Age
7:23 Double-Bit Axe
11:55 Castle Age
10:06 Horse Collar
13:03 Bow Saw
13:16 Heavy Plow
14:11 Wheelbarrow
14:12 Loom
16:38 Padded Archer Armor
16:46 Scale Barding Armor
16:33 Fletching
17:04 Gold Mining
18:04 Bodkin Arrow
18:12 Padded Archer Armor
19:08 Hand Cart
20:59 Leather Archer Armor
21:04 Chain Barding Armor
20:55 Forging
24:25 Stone Mining
27:35 Imperial Age
24:51 Town Watch
26:38 Thumb Ring
27:09 Medical Corps
28:26 Elite Elephant Archer
34:50 Bracer
35:20 Ring Archer Armor
35:02 Forging
36:35 Chemistry
35:55 Ballistics
36:30 Onager
38:24 Conscription
excboom
7:05 Feudal Age
7:51 Double-Bit Axe
7:50 Horse Collar
12:39 Castle Age
11:09 Fletching
11:24 Gold Mining
13:41 Bow Saw
13:53 Husbandry
14:50 Town Watch
15:27 Heavy Plow
BrianBoru
5:17 Loom
7:07 Feudal Age
11:32 Castle Age
9:40 Double-Bit Axe
9:37 Horse Collar
21:02 Wheelbarrow
21:48 Bow Saw
24:09 Hand Cart
24:06 Heavy Plow
25:58 Gold Mining
29:16 Imperial Age
28:31 Gold Shaft Mining
27:52 Stone Mining
30:33 Stone Shaft Mining
30:38 Conscription
30:07 Heavy Scorpion
33:12 Furor Celtica
33:31 Capped Ram
35:26 Chemistry
34:59 Ballistics
34:35 Siege Ram
36:33 Siege Engineers
45:36 Spies/Treason
Sephiroth
7:16 Feudal Age
9:50 Horse Collar
12:19 Castle Age
10:22 Double-Bit Axe
12:12 Heavy Plow
12:10 Loom
12:53 Bow Saw
16:53 Forging
17:12 Squires
18:27 Iron Casting
17:39 Arson
19:52 Wheelbarrow
20:28 Gold Mining
24:03 Imperial Age
24:07 Hand Cart
24:25 Crop Rotation
23:54 Stone Mining
24:44 Gold Shaft Mining
24:35 Conscription
26:35 Stone Shaft Mining
29:17 Elite Karambit Warrior
31:18 Blast Furnace
31:02 Caravan
31:20 Guilds
31:46 Elite Karambit Warrior
38:16 Town Watch
40:46 Town Patrol
40:50 Fletching
40:51 Treadmill Crane
45:06 Man-at-Arms
45:45 Bodkin Arrow
45:38 Long Swordsman
47:02 Two-Handed Swordsman
47:04 Pikeman
47:06 Light Cavalry
47:47 Husbandry
47:07 Cavalier
47:08 Elite Battle Elephant
47:59 Scale Barding Armor
47:55 Bracer
47:55 Padded Archer Armor
48:11 Masonry
48:07 Siege Engineers
48:23 Ballistics
49:04 Chemistry
48:01 Murder Holes
49:07 Chemistry
50:03 Forced Levy
Sleepy the sexy saxon sheppard
7:55 Feudal Age
8:30 Double-Bit Axe
8:26 Horse Collar
13:36 Castle Age
13:01 Stone Mining
15:05 Loom
15:39 Fletching
19:24 Heavy Plow
22:57 Ironclad
26:18 Gold Mining
29:51 Imperial Age
28:28 Wheelbarrow
27:41 Pikeman
28:22 Squires
28:33 Scale Mail Armor
28:30 Bodkin Arrow
29:41 Stone Shaft Mining
30:11 Hand Cart
31:16 Crenellations
32:18 Elite Teutonic Knight
33:29 Chain Mail Armor
33:49 Conscription
34:43 Hoardings
34:50 Arson
37:36 Plate Mail Armor
39:17 Forging
41:04 Fortified Wall
41:55 Chemistry
41:46 Iron Casting
41:33 Bow Saw
42:01 Masonry
44:05 Blast Furnace
43:20 Halberdier
48:20 Padded Archer Armor
CumansCumin
8:14 Feudal Age
12:06 Castle Age
10:19 Double-Bit Axe
11:43 Horse Collar
14:01 Bow Saw
14:02 Loom
14:33 Heavy Plow
19:28 Fervor
22:05 Wheelbarrow
23:19 Gold Mining
24:15 Hand Cart
23:48 Town Watch
24:31 Scale Barding Armor
24:39 Forging
27:11 Imperial Age
24:55 Light Cavalry
25:45 Bloodlines
25:36 Husbandry
26:07 Chain Barding Armor
26:26 Gold Shaft Mining
25:44 Stone Mining
27:01 Iron Casting
27:16 Marauders
28:16 Conscription
27:17 Elite Tarkan
28:38 Plate Barding Armor
29:04 Two-Man Saw
29:52 Blast Furnace
29:12 Hussar
44:32 Coinage
44:22 Guilds
45:55 Spies/Treason
Connection lost

Rejoining the realm…

Still unreachable

The connection could not be restored.

Session expired

The server has moved on; the page needs a fresh start.